Dea, neutral female human Priestess --------- |.......| ----- |.......| ----- ...| |.%%%...| |%.. 5 5 ---------..-- ------- |...%.%.| ---- --..---------55 |.......|...-- --....... | |..%.%..| | ....-- --0..|.......| |.......|....---......... |. ----.---- .| ...`..---511.|.J.A@..| |...*..%)%...$-..%....... |.............| .....%%.-.@a.AA.@.@.@.|5 |.......|....---......... ---..%%.....--- .......`---..31|.@@@.A.| |.......|...-- --.......- -----|----- ...``..-- --...|.......| ---------..-- ----%--- ..%0...-- ---`---- --..--------- ...| |.%.------- ...%..%.--------.%.| |..5 5 5 5 ----- |.........| .%...%%..|...`.`.`.| ----- -------...-- .*......--%``------- |....--...)...--0.0.| ---...----|----`%.-- |...%...../.%0..| ---------------- Dea the High Priestess Experience level: 30 Strength: 25 Dexterity: 23 Constitution: 18 Intelligence: 22 Wisdom: 23 Charisma: 18 Health: 420(457) Energy: 495(495) AC: -47 Gold: 0 Moves: 59975 Your Inventory: Amulets f - an uncursed amulet of life saving (being worn) x - the blessed Eye of the Aethiopica Weapons q - 5 blessed rustproof +7 shuriken (in quiver) v - the blessed rustproof +7 Fire Brand (weapon in hand) Armor h - a blessed fireproof +5 pair of speed boots (being worn) p - a blessed fireproof +5 pair of gauntlets of dexterity (being worn) w - a blessed fireproof +5 small shield of power (being worn) y - a blessed fireproof +5 robe of reflection (being worn) V - the blessed rustproof +5 Mitre of Holiness (being worn) W - a blessed +5 T-shirt (being worn) Y - an uncursed +5 chromatic dragon scale mail (being worn) Comestibles G - a blessed lizard corpse Z - an uncursed rotten cockatrice corpse Spellbooks t - the uncursed Book of the Dead Rings s - an uncursed ring of slow digestion H - an uncursed ring of levitation I - an uncursed ring of regeneration J - an uncursed ring of free action (on right hand) T - an uncursed ring of conflict Wands d - an uncursed greased wand of fire (0:5) r - an uncursed wand of lightning (0:7) u - an uncursed wand of death (0:0) F - an uncursed wand of teleportation (0:1) U - an uncursed wand of teleportation (0:0) Tools a - a blessed +0 unicorn horn l - a blessed greased bag of holding B - the uncursed Candelabrum of Invocation (7 candles attached) (0:191) D - a blessed towel E - an uncursed magic lamp (lit) M - the uncursed Bell of Opening (0:2) X - an uncursed key [skeleton key] Gems S - a blessed luckstone Contents of the bag of holding: 108783 gold pieces a blessed fireproof +5 studded leather armor of cold resistance and displacement 7 blessed K-rations 3 blessed food rations a blessed scroll of charging a blessed scroll of remove curse a blessed scroll of scare monster 5 blessed potions called Water [of holy water] 5 blessed potions of full healing an uncursed wand of digging (0:8) an uncursed wand of digging (0:8) an uncursed wand of digging (0:7) a blessed crystal ball (0:1) 2 uncursed amber stones 11 uncursed amethyst stones 9 uncursed aquamarine stones 4 uncursed black opals 7 uncursed chrysoberyl stones 10 uncursed citrine stones 5 uncursed diamonds an uncursed diamond named The Tears of Koth an uncursed flint stone 4 uncursed fluorite stones 5 uncursed garnet stones 6 uncursed green gems [emerald] an uncursed green gem named The Eye of Hera [emerald] 13 uncursed jacinth stones 8 uncursed jade stones an uncursed jasper stone an uncursed jet stone a blessed luckstone 4 uncursed obsidian stones 3 uncursed opals 12 uncursed rubies 2 uncursed rubies named The Heart of Casanova an uncursed sapphire 5 uncursed topaz stones 3 uncursed touchstones 6 uncursed turquoise stones 2 uncursed white gems [dilithium crystal] Spells known in the end: Name Level Category Fail Memory a - magic missile 2 attack 0% [|||.....] b - identify 3 divination 0% [||......] c - sleep 1* enchantment 0% [........] d - remove curse 3 clerical 0% [||||||||] e - haste self 3* escape 0% [........] f - knock 1 matter 0% [||......] g - wizard lock 2 matter 0% [|||||...] h - light 1 divination 0% [|||||...] i - protection 1* clerical 0% [........] j - detect unseen 3 divination 0% [||||....] k - force bolt 1 attack 0% [||||....] l - detect treasure 4 divination 0% [||||....] m - create monster 2* clerical 0% [........] n - healing 1 healing 0% [||||....] o - extra healing 3 healing 0% [||||....] p - magic mapping 5 divination 0% [|||||...] q - detect monsters 1 divination 0% [|||||...] r - polymorph 6 matter 52% [|||||||.] s - drain life 2 attack 0% [|||||||.] t - cure sickness 3 healing 0% [|||.....] u - finger of death 7 attack 80% [|||||...] v - turn undead 6 clerical 0% [|||||...] w - restore ability 4 healing 0% [||||||..] Your skills at the end: Fighting Skills body armor [Skilled / Skilled] shield [Expert / Expert] Weapon Skills long sword [Basic / Basic] mace [Basic / Expert] shuriken [Basic / Basic] Spellcasting Skills healing spells [Basic / Expert] divination spells [Skilled / Expert] clerical spells [Skilled / Expert] Final Attributes: You were piously aligned. Hunger level was 462. Your alignment was 309 / 309. Monster difficulty range was 17 - 57. Level difficulty was 71. You were immune to fire. You were immune to cold. You were immune to sleep. You were immune to disintegration. You were immune to electricity. You were immune to poison. You were magic-protected. You were immune to acid. You were immune to petrification. You resisted spell damage. You saw invisible. You were telepathic. You were warned. You were invisible to others. You were protected. You were very fast. You had reflection. You had free action. Your life would have been saved. You were extremely lucky (13). You had extra luck. Good luck did not time out for you. You survived. Vanquished creatures: Cthulhu Asmodeus Baalzebub Dispater Geryon Orcus Yeenoghu Juiblex The Wizard of Yendor (thrice) Vlad the Impaler 5 arch-liches 3 mastodons 6 vorpal jabberwocks Medusa Croesus 11 krakens 14 iron golems 10 master liches a ki-rin 3 chromatic dragons 11 storm giants 6 titans 7 glass golems 6 balrogs Nalzok 17 purple worms 5 leviathans 11 gold dragons 15 lindworms 16 guivres 10 wyverns 19 amphiteres 16 sirrushes 19 drakens 14 sarkanies 17 tatzelworms 5 minotaurs 9 jabberwocks 15 baluchitheria 3 Angels 7 demiliches 3 stone golems 5 master mind flayers 29 Olog-hai 6 Nazgul 18 pit fiends 5 sandestins 10 hell hounds 9 titanotheres 7 trappers 2 baby lindworms a baby wyvern 3 baby sirrushes a baby tatzelworm 8 disenchanters 68 vampire lords 6 skeletons 20 aligned priests 8 captains 7 shades 14 liches a water troll 5 clay golems 10 nurses 15 ice devils 13 nalfeshnees Aphrodite a lurker above an Aleax 6 ettins 2 golden nagas 8 black puddings 98 vampires 15 lieutenants 122 ghosts a knight a queen bee 19 locusts 6 winged gargoyles 5 mind flayers 10 giant mimics 8 zruties 7 fire giants 10 ogre kings 16 ice trolls 18 rock trolls 2 umber hulks a flesh golem 7 Elvenkings 2 doppelgangers 19 hezrous 19 bone devils 6 large mimics 3 wumpuses 4 fire vortices 16 long worms 4 couatls 19 stalkers 4 air elementals 7 fire elementals 4 earth elementals a water elemental 11 hill giants 3 giant mummies 2 black nagas 5 xorns 59 giant zombies 9 elf-lords 30 sergeants 21 barbed devils 24 vrocks a salamander 18 wargs 4 winter wolves 14 hell hound pups 17 small mimics a glass piercer 4 rodents of unusual size 7 warhorses 2 steam vortices 12 xans 8 ettin mummies 10 ogre lords 11 quantum mechanics 22 trolls a sasquatch 4 wood golems 3 erinyes 12 mariliths 8 sharks 7 electric eels a giant turtle 8 gelatinous cubes 9 pyrolisks 4 large dogs 5 freezing spheres 3 flaming spheres 3 shocking spheres 5 tigers 4 gargoyles 4 dwarf kings 17 tengu 11 ochre jellies 10 leocrottas 5 energy vortices 5 mountain centaurs 18 stone giants an elf mummy 5 human mummies a red naga 10 green slimes 4 pit vipers 3 pythons 4 cobras 176 wraiths 6 carnivorous apes 67 ettin zombies 2 leather golems 12 Grey-elves 120 soldiers 31 horned devils 13 succubi 19 incubi 11 chameleons 3 crocodiles 25 giant beetles 5 quivering blobs 21 cockatrices 18 wolves 4 winter wolf cubs a lynx 2 panthers 37 gremlins 40 leprechauns 4 orc-captains 3 iron piercers 7 mumakil 16 giant spiders 4 scorpions 4 horses 5 ice vortices 8 black lights 8 vampire bats 7 forest centaurs 3 gnome kings 8 orc mummies 8 dwarf mummies 2 ogres 9 brown puddings 6 rust monsters 14 owlbears 7 yetis 2 gold golems 6 werewolves 12 Green-elves 3 piranhas 28 giant eels 13 lizards 14 chickatrices 3 dogs 3 dingos a housecat 4 jaguars 2 dwarf lords 3 blue jellies 5 white unicorns 7 black unicorns 11 dust vortices 14 ravens 2 plains centaurs 6 gnome mummies 8 snakes an ape 157 human zombies 2 rope golems 18 Woodland-elves 26 soldier ants 17 fire ants 10 snow ants 9 bugbears 11 imps 99 lemures 21 quasits 19 wood nymphs 10 water nymphs 5 mountain nymphs 5 Mordor orcs 32 Uruk-hai 4 orc shamans 4 rock piercers 3 enormous rats 2 rock moles 5 ponies 4 fog clouds 9 yellow lights 2 shriekers 6 violet fungi 19 gnome lords 7 gnomish wizards 6 kobold mummies a red naga hatchling 2 black naga hatchlings 2 golden naga hatchlings 2 guardian naga hatchlings 6 gray oozes 7 barrow wights 72 elf zombies 50 ghouls a straw golem 6 paper golems 4 wax golems 3 jellyfish a baby crocodile 43 giant ants 7 floating eyes 3 kittens 19 dwarves 16 homunculi 6 kobold shamans 17 hill orcs 28 rothes 4 rabid rats 3 centipedes a giant bat 2 monkeys 61 orc zombies 64 dwarf zombies 4 wererats a werejackal 4 muggers 15 iguanas 67 killer bees 4 acid blobs 3 coyotes 4 gas spores 9 hobbits 28 manes 3 large kobolds 11 hobgoblins 9 giant rats 9 cave spiders 2 brown molds 6 yellow molds a red mold 81 gnomes 2 garter snakes 54 gnome zombies 4 geckos 12 jackals 3 foxes 5 kobolds 3 goblins 3 sewer rats 29 grid bugs 5 bats 15 lichens 58 kobold zombies 12 newts 3806 creatures vanquished. Genocided or extinct species: wraiths (extinct) Nazgul (extinct) human zombies (extinct) soldiers (extinct) erinyes (extinct) 5 species extinct. Voluntary challenges: You used a wielded weapon 5038 times. You read items or engraved 152 times. You put on armor 459 times. You never genocided any monsters. You polymorphed 228 items. You never changed form. You used 2 wishes. You used 2 wishes for magical items. You wrote Elbereth's name 6 times. You never encountered a bones level. You used 1 Sokoban shortcut. Dungeon overview: The Dungeons of Doom: levels 1 to 27 Level 1 stairs to The Elemental Planes Level 2 a fountain Level 3 a sink stairs to The Gnomish Mines Level 4 some fountains Level 5 a fountain Level 6 an altar, a fountain Level 9 many fountains Level 10 stairs to Sokoban Level 11 a fountain Level 12 stairs to Town Level 14 some fountains Level 15 a fountain, a sink portal to Fort Ludios Level 16 some fountains, a sink portal to The Quest Level 19 a fountain Level 20 some fountains, a sink Level 21 a fountain Level 23 some fountains, a sink, a throne Level 24 portal to One-eyed Sam's Market Level 27 a magic chest, a fountain, a throne Gehennom: levels 28 to 56 Level 28 a temple, a magic chest stairs to The Dungeons of Doom Level 29 many fountains, a throne Level 33 a throne Level 34 a fountain Level 39 a throne stairs to The Dragon Caves Level 40 a lighting shop, some altars, a magic chest, a fountain, a throne stairs to Vlad's Tower Level 43 portal to Gehennom Level 45 many trees Level 50 a magic chest Level 52 portal to Gehennom Level 56 a temple The Gnomish Mines: levels 4 to 11 Level 4 stairs to The Dungeons of Doom Level 7 many shops, a temple to Mog, a magic chest, some fountains Level 11 some fountains The Quest: levels 1 to 6 Level 3 a temple Sokoban: levels 7 to 9 Level 9 a magic chest stairs to The Dungeons of Doom Town: levels 9 to 11 Level 9 many shops, some fountains, a sink Level 10 many fountains, many trees Level 11 stairs to The Dungeons of Doom Fort Ludios: Level 1 a magic chest, a throne portal to The Dungeons of Doom One-eyed Sam's Market: Vlad's Tower: levels 36 to 39 Level 36 a throne Level 39 many trees stairs to Gehennom The Dragon Caves: levels 40 to 43 Level 43 many trees The Elemental Planes: Astral Plane <- You were here some temples Plane of Air portal to The Elemental Planes Plane of Water portal to The Elemental Planes Plane of Earth portal to The Elemental Planes Plane of Fire portal to The Elemental Planes History has recorded: On T:1 you entered the Dungeons of Doom to retrieve the Amulet of Yendor! On T:131 you reached level 2 of The Dungeons of Doom. On T:494 you advanced to experience level 2. On T:1332 you advanced to experience level 3. On T:1512 you reached level 3 of The Dungeons of Doom. On T:1529 you advanced to experience level 4. On T:1533 you reached level 4 of The Dungeons of Doom. On T:1617 you reached level 1 of The Gnomish Mines. On T:2307 you advanced to experience level 5. On T:2827 you reached level 5 of The Dungeons of Doom. On T:3111 you reached level 6 of The Dungeons of Doom. On T:3207 you advanced to experience level 6. On T:3897 you reached level 2 of The Gnomish Mines. On T:4078 you reached level 3 of The Gnomish Mines. On T:4178 you advanced to experience level 7. On T:4464 you reached level 4 of The Gnomish Mines. On T:5277 you advanced to experience level 8. On T:5575 you received Giantslayer from Mog. On T:6375 you received Fire Brand from Mog. On T:6908 you reached level 5 of The Gnomish Mines. On T:6999 you advanced to experience level 9. On T:7029 you advanced to experience level 10. On T:8039 you reached level 7 of The Dungeons of Doom. On T:8739 you reached level 8 of The Dungeons of Doom. On T:8792 you reached level 9 of The Dungeons of Doom. On T:9492 you reached level 10 of The Dungeons of Doom. On T:9637 you reached level 3 of Sokoban. On T:10216 you reached level 2 of Sokoban. On T:10598 you reached level 1 of Sokoban. On T:10630 you advanced to experience level 11. On T:12462 you reached level 12 of The Dungeons of Doom. On T:12575 you reached level 3 of Town. On T:12629 you reached level 11 of The Dungeons of Doom. On T:13818 you reached level 13 of The Dungeons of Doom. On T:13949 you reached level 2 of Town. On T:14109 you reached level 1 of Town. On T:16366 you killed Aphrodite on level 2 of Town. On T:17301 you advanced to experience level 12. On T:19913 you reached level 14 of The Dungeons of Doom. On T:21108 you reached level 15 of The Dungeons of Doom. On T:21994 you reached level 6 of The Gnomish Mines. On T:22084 you reached level 7 of The Gnomish Mines. On T:22110 you reached level 8 of The Gnomish Mines. On T:25166 you reached level 16 of The Dungeons of Doom. On T:25313 you reached level 17 of The Dungeons of Doom. On T:25376 you reached level 1 of The Quest. On T:25442 you embarked upon an epic quest. On T:25541 you reached level 2 of The Quest. On T:25779 you advanced to experience level 13. On T:26043 you reached level 3 of The Quest. On T:26141 you advanced to experience level 14. On T:26688 you advanced to experience level 15. On T:26979 you advanced to experience level 16. On T:27459 you reached level 4 of The Quest. On T:27598 you advanced to experience level 17. On T:27605 you advanced to experience level 18. On T:28772 you reached level 5 of The Quest. On T:29717 you reached level 6 of The Quest. On T:29723 you killed Nalzok on level 6 of The Quest. On T:29975 you completed the quest! On T:30506 you reached level 18 of The Dungeons of Doom. On T:30815 you reached level 19 of The Dungeons of Doom. On T:31055 you reached level 20 of The Dungeons of Doom. On T:31067 you reached level 21 of The Dungeons of Doom. On T:32031 you reached level 22 of The Dungeons of Doom. On T:32683 you reached level 23 of The Dungeons of Doom. On T:33004 you reached level 24 of The Dungeons of Doom. On T:33049 you reached level 1 of One-eyed Sam's Market. On T:34333 you reached level 25 of The Dungeons of Doom. On T:37191 you killed Medusa on level 25 of The Dungeons of Doom. On T:37221 you reached level 26 of The Dungeons of Doom. On T:37390 you reached The Castle. On T:38054 you reached The Valley of the Dead. On T:41311 you reached Fort Knox. On T:41860 you killed Croesus in Fort Knox. On T:43381 you wished for "blessed eye of the aethiopica". On T:43381 you wished for "blessed fixed +2 robe of reflection". On T:43721 you reached level 2 of Gehennom. On T:44023 you killed Asmodeus on level 2 of Gehennom. On T:44369 you reached level 3 of Gehennom. On T:44540 you reached level 4 of Gehennom. On T:44734 you reached level 5 of Gehennom. On T:44989 you reached level 6 of Gehennom. On T:45514 you killed Baalzebub on level 4 of Gehennom. On T:45628 you reached level 7 of Gehennom. On T:45635 you killed Juiblex on level 7 of Gehennom. On T:45696 you reached level 8 of Gehennom. On T:45937 you reached level 9 of Gehennom. On T:45975 you reached level 10 of Gehennom. On T:46946 you killed Yeenoghu on level 9 of Gehennom. On T:47224 you reached level 11 of Gehennom. On T:47309 you reached level 12 of Gehennom. On T:47529 you reached level 1 of The Dragon Caves. On T:47996 you reached level 13 of Gehennom. On T:48344 you killed Orcus on level 13 of Gehennom. On T:48650 you reached level 14 of Gehennom. On T:49004 you reached level 4 of Vlad's Tower. On T:49151 you reached level 2 of The Dragon Caves. On T:49654 you reached level 3 of The Dragon Caves. On T:49844 you reached level 4 of The Dragon Caves. On T:50383 you advanced to experience level 19. On T:50383 you advanced to experience level 20. On T:50384 you advanced to experience level 21. On T:50384 you advanced to experience level 22. On T:50385 you advanced to experience level 23. On T:50386 you advanced to experience level 24. On T:50386 you advanced to experience level 25. On T:50387 you advanced to experience level 26. On T:50387 you advanced to experience level 27. On T:50388 you advanced to experience level 28. On T:50388 you advanced to experience level 29. On T:50425 you advanced to experience level 30. On T:51431 you reached level 3 of Vlad's Tower. On T:51545 you reached level 2 of Vlad's Tower. On T:51629 you reached level 1 of Vlad's Tower. On T:51696 you killed Vlad the Impaler on level 1 of Vlad's Tower. On T:52232 you reached level 15 of Gehennom. On T:52421 you reached level 16 of Gehennom. On T:52575 you reached level 17 of Gehennom. On T:52588 you killed Dispater on level 17 of Gehennom. On T:52836 you reached level 18 of Gehennom. On T:52859 you killed Geryon on level 17 of Gehennom. On T:52998 you reached level 19 of Gehennom. On T:53229 you reached level 20 of Gehennom. On T:53285 you reached level 21 of Gehennom. On T:53465 you reached level 22 of Gehennom. On T:53597 you reached level 23 of Gehennom. On T:53762 you reached level 24 of Gehennom. On T:53914 you reached level 25 of Gehennom. On T:54067 you reached level 26 of Gehennom. On T:54296 you reached level 27 of Gehennom. On T:55268 you reached level 28 of Gehennom. On T:57354 you killed Wizard of Yendor on level 14 of Gehennom. On T:57639 you performed the invocation. On T:57640 you reached level 29 of Gehennom. On T:58017 you killed Cthulhu on level 29 of Gehennom. On T:58018 you gained the Amulet of Yendor! On T:59610 you reached the Plane of Fire. On T:59611 you killed Wizard of Yendor on the Plane of Fire. On T:59646 you reached the Astral Plane. On T:59718 you reached the Plane of Water. On T:59770 you reached the Plane of Air. On T:59776 you killed Wizard of Yendor on the Plane of Air. On T:59780 you reached the Astral Plane. On T:59975 you lost the Amulet of Yendor. On T:59975 you offered the Amulet of Yendor to Mog and ascended to the status of Demigoddess! Latest messages: The Angel of Issek zaps you with a magic missile! The magic missile hits the priest of Issek! The magic missile hits the high priestess of Mog. But it reflects from the high priestess of Mog's cloak! The priest of Issek swings his mace. The priest of Issek misses. (2x) The priest of Issek casts a spell at you! Scales cover your eyes! Something casts a spell at thin air! You hear a nearby zap. The sleep ray hits the Angel of Issek. The sleep ray hits the priest of Issek. "I've met smarter (and prettier) acid blobs." You can see again. You offer the Amulet of Yendor to Mog... An invisible choir sings, and you are bathed in radiance... The voice of Mog rings out: "Congratulations, mortal!" "In return for thy service, I grant thee the gift of Immortality!" You ascend to the status of Demigoddess... Final status: Goodbye Dea the Demigoddess... You went to your reward with 646676 points, The Book of the Dead (worth 10000 zorkmids and 25000 points) Fire Brand (worth 3000 zorkmids and 7500 points) The Eye of the Aethiopica (worth 4000 zorkmids and 10000 points) The Candelabrum of Invocation (worth 5000 zorkmids and 12500 points) The Bell of Opening (worth 5000 zorkmids and 12500 points) The Mitre of Holiness (worth 2000 zorkmids and 5000 points) 14 rubies (worth 49000 zorkmids), 13 jacinth stones (worth 42250 zorkmids), 11 amethyst stones (worth 6600 zorkmids), 10 citrine stones (worth 15000 zorkmids), 9 aquamarine stones (worth 13500 zorkmids), 8 jade stones (worth 2400 zorkmids), 7 emeralds (worth 17500 zorkmids), 7 chrysoberyl stones (worth 4900 zorkmids), 6 diamonds (worth 24000 zorkmids), 6 turquoise stones (worth 12000 zorkmids), 5 topaz stones (worth 4500 zorkmids), 5 garnet stones (worth 3500 zorkmids), 4 black opals (worth 10000 zorkmids), 4 fluorite stones (worth 1600 zorkmids), 4 obsidian stones (worth 800 zorkmids), 3 opals (worth 2400 zorkmids), 2 dilithium crystals (worth 9000 zorkmids), 2 amber stones (worth 2000 zorkmids), 1 sapphire (worth 3000 zorkmids), 1 jet stone (worth 850 zorkmids), 1 jasper stone (worth 500 zorkmids), 1 amulet of life saving (worth 150 zorkmids), and 108783 pieces of gold, after 59975 moves. You were level 30 with a maximum of 457 hit points when you ascended.